| TOP OF THE 1ST |
|
Calgary Flames batting - Pitching for Portland Angels : RHP Hector Agudelo
|
|
Pitching: RHP Hector Agudelo
|
|
|
Batting: LHB Garrett Dodge
|
0-0: Foul Ball, location: 2F 0-1: Called Strike 0-2: Strikes out swinging
|
|
Batting: RHB Andre Thompson
|
0-0: Ball 1-0: Ball 2-0: Foul Ball, location: 2F 2-1: Ball 3-1: Ground out 6-3 (Groundball, 6, EV 86.9 MPH)
|
|
Batting: RHB Peter Frankel
|
0-0: Ball 1-0: Ground out 5-3 (Groundball, 5S, EV 92.5 MPH)
|
| Top of the 1st over - 0 runs, 0 hits, 0 errors, 0 left on base; Calgary 0 - Portland 0 |
| BOTTOM OF THE 1ST |
|
Portland Angels batting - Pitching for Calgary Flames : RHP Jason Cekic
|
|
Pitching: RHP Jason Cekic
|
|
|
Batting: RHB Jose Garduno
|
0-0: SINGLE (Groundball, 6M, EV 96.2 MPH)
|
|
Batting: RHB Steve Neely
|
0-0: Called Strike 0-1: Swinging Strike 0-2: Ball 1-2: Strikes out looking
|
|
Batting: RHB Scott Webb
|
0-0: Called Strike 0-1: Ball 1-1: Fly out, F7 (Flyball, 78D, EV 102.5 MPH)
|
|
Batting: LHB Pavla Markianov
|
Balk! Jose Garduno to second 0-0: Ball 1-0: Foul Ball, location: 2F 1-1: Foul Ball, location: 2F 1-2: Ball 2-2: Foul Ball, location: 2F 2-2: Foul Ball, location: 2F 2-2: Ball 3-2: Fly out, F7 (Flyball, 7, EV 78.1 MPH)
|
| Bottom of the 1st over - 0 runs, 1 hit, 0 errors, 1 left on base; Calgary 0 - Portland 0 |
| TOP OF THE 2ND |
|
Calgary Flames batting - Pitching for Portland Angels : RHP Hector Agudelo
|
|
Batting: LHB Gary Corrales
|
0-0: Called Strike 0-1: Ball 1-1: Ball 2-1: Fly out, F8 (Flyball, 8LM, EV 92.5 MPH)
|
|
Batting: LHB Ben Landry
|
0-0: Called Strike 0-1: Called Strike 0-2: Ball 1-2: Foul Ball, location: 2F 1-2: SINGLE (Groundball, 4MD, EV 110.0 MPH)
|
|
Batting: RHB Juan Mercado
|
0-0: Ball 1-0: Called Strike 1-1: Called Strike 1-2: Fly out, F9 (Flyball, 9, EV 88.8 MPH)
|
|
Batting: RHB Chad Stady
|
0-0: Fly out, F8 (Flyball, 8RD, EV 86.9 MPH)
|
| Top of the 2nd over - 0 runs, 1 hit, 0 errors, 1 left on base; Calgary 0 - Portland 0 |
| BOTTOM OF THE 2ND |
|
Portland Angels batting - Pitching for Calgary Flames : RHP Jason Cekic
|
|
Batting: RHB Alex Rosaly
|
0-0: Called Strike 0-1: Ball 1-1: Foul Ball, location: 2F 1-2: Ball 2-2: Strikes out swinging
|
|
Batting: RHB Jesse Sargent
|
0-0: SINGLE (Groundball, 56D, EV 105.6 MPH)
|
|
Batting: LHB Doug Nebel
|
0-0: Called Strike 0-1: Ball 1-1: Fly out, F8 (Flyball, 89D, EV 98.1 MPH)
|
|
Batting: LHB Kevin Feldman
|
0-0: Called Strike 0-1: Ball 1-1: Ball 2-1: Called Strike 2-2: Ball 3-2: Ground out 4-3 (Groundball, 4D, EV 96.9 MPH)
|
| Bottom of the 2nd over - 0 runs, 1 hit, 0 errors, 1 left on base; Calgary 0 - Portland 0 |
| TOP OF THE 3RD |
|
Calgary Flames batting - Pitching for Portland Angels : RHP Hector Agudelo
|
|
Batting: RHB Tyler Johnson
|
0-0: Called Strike 0-1: Ground out 6-3 (Groundball, 6, EV 86.9 MPH)
|
|
Batting: RHB Pablo Henriquez
|
0-0: Ball 1-0: Fly out, F4 (Popup, 4S, EV 71.9 MPH)
|
|
Batting: LHB Garrett Dodge
|
0-0: Ball 1-0: Fly out, F7 (Flyball, 7D, EV 93.1 MPH)
|
| Top of the 3rd over - 0 runs, 0 hits, 0 errors, 0 left on base; Calgary 0 - Portland 0 |
| BOTTOM OF THE 3RD |
|
Portland Angels batting - Pitching for Calgary Flames : RHP Jason Cekic
|
|
Batting: LHB John Harvey
|
0-0: Foul Ball, location: 2F 0-1: Ball 1-1: Ball 2-1: Ground out 6-3 (Groundball, 6, EV 85.0 MPH)
|
|
Batting: RHB Jose Garduno
|
0-0: Ball 1-0: Called Strike 1-1: Foul Ball, location: 2F 1-2: Strikes out looking
|
|
Batting: RHB Steve Neely
|
0-0: Swinging Strike 0-1: Foul Ball, location: 2F 0-2: Ball 1-2: Strikes out swinging
|
| Bottom of the 3rd over - 0 runs, 0 hits, 0 errors, 0 left on base; Calgary 0 - Portland 0 |
| TOP OF THE 4TH |
|
Calgary Flames batting - Pitching for Portland Angels : RHP Hector Agudelo
|
|
Batting: RHB Andre Thompson
|
0-0: DOUBLE (Flyball, 9LD, EV 90.0 MPH)
|
|
Batting: RHB Peter Frankel
|
0-0: Swinging Strike 0-1: Ball 1-1: Ball 2-1: Swinging Strike 2-2: Strikes out looking
|
|
Batting: LHB Gary Corrales
|
0-0: Called Strike 0-1: Foul Ball, location: 2F 0-2: Ball 1-2: Ball 2-2: Strikes out swinging
|
|
Batting: LHB Ben Landry
|
0-0: Swinging Strike 0-1: Foul Ball, location: 2F 0-2: DOUBLE (Flyball, 9LD, EV 103.8 MPH) Andre Thompson scores
|
|
Batting: RHB Juan Mercado
|
0-0: Fly out, F6 (Popup, 4MS, EV 81.9 MPH)
|
| Top of the 4th over - 1 run, 2 hits, 0 errors, 1 left on base; Calgary 1 - Portland 0 |
| BOTTOM OF THE 4TH |
|
Portland Angels batting - Pitching for Calgary Flames : RHP Jason Cekic
|
|
Batting: RHB Scott Webb
|
0-0: Swinging Strike 0-1: SINGLE (Flyball, 89S, EV 95.6 MPH)
|
|
Batting: LHB Pavla Markianov
|
0-0: Called Strike 0-1: Swinging Strike 0-2: Ball 1-2: Ball 2-2: Strikes out swinging
|
|
Batting: RHB Alex Rosaly
|
0-0: Foul Ball, location: 2F 0-1: Ball 1-1: Swinging Strike 1-2: Fly out, F7 (Flyball, 7, EV 88.1 MPH)
|
|
Batting: RHB Jesse Sargent
|
0-0: Fly out, F9 (Flyball, 9LMF, EV 91.2 MPH)
|
| Bottom of the 4th over - 0 runs, 1 hit, 0 errors, 1 left on base; Calgary 1 - Portland 0 |
| TOP OF THE 5TH |
|
Calgary Flames batting - Pitching for Portland Angels : RHP Hector Agudelo
|
|
Batting: RHB Chad Stady
|
0-0: Foul Ball, location: 2F 0-1: Ball 1-1: Called Strike 1-2: Strikes out swinging
|
|
Batting: RHB Tyler Johnson
|
0-0: Called Strike 0-1: Swinging Strike 0-2: Strikes out swinging
|
|
Batting: RHB Pablo Henriquez
|
0-0: Ground out 4-3 (Groundball, 4, EV 90.0 MPH)
|
| Top of the 5th over - 0 runs, 0 hits, 0 errors, 0 left on base; Calgary 1 - Portland 0 |
| BOTTOM OF THE 5TH |
|
Portland Angels batting - Pitching for Calgary Flames : RHP Jason Cekic
|
|
Batting: LHB Doug Nebel
|
0-0: Called Strike 0-1: Ball 1-1: SINGLE (Line Drive, 6MD, EV 98.8 MPH)
|
|
Batting: LHB Kevin Feldman
|
0-0: Ball 1-0: Called Strike 1-1: Swinging Strike 1-2: Fly out, F7 (Flyball, 7, EV 98.1 MPH)
|
|
Batting: LHB John Harvey
|
0-0: Called Strike 0-1: Grounds into double play, 5-4-3 (Groundball, 5, EV 101.2 MPH)
|
| Bottom of the 5th over - 0 runs, 1 hit, 0 errors, 0 left on base; Calgary 1 - Portland 0 |
| TOP OF THE 6TH |
|
Calgary Flames batting - Pitching for Portland Angels : RHP Hector Agudelo
|
|
Batting: LHB Garrett Dodge
|
0-0: Called Strike 0-1: Swinging Strike 0-2: Ball 1-2: Strikes out looking
|
|
Batting: RHB Andre Thompson
|
0-0: Foul Ball, location: 2F 0-1: SOLO HOME RUN (Flyball, 7LD, EV 94.4 MPH), Distance : 352 ft
|
|
Batting: RHB Peter Frankel
|
0-0: Foul Ball, location: 2F 0-1: Ball 1-1: Ball 2-1: Ball 3-1: Called Strike 3-2: Base on Balls
|
|
Batting: LHB Gary Corrales
|
0-0: Ball 1-0: Ball 2-0: Swinging Strike 2-1: Called Strike 2-2: Fly out, F8 (Flyball, 8LD, EV 95.6 MPH)
|
|
Batting: LHB Ben Landry
|
0-0: Ball 1-0: Called Strike 1-1: Called Strike 1-2: Ball 2-2: Foul Ball, location: 2F 2-2: 2-RUN HOME RUN (Flyball, 78XD, EV 98.1 MPH), Distance : 376 ft
|
|
Batting: RHB Juan Mercado
|
0-0: Ball 1-0: Foul Ball, location: 2F 1-1: Ground out 4-3 (Groundball, 4, EV 88.1 MPH)
|
| Top of the 6th over - 3 runs, 2 hits, 0 errors, 0 left on base; Calgary 4 - Portland 0 |
| BOTTOM OF THE 6TH |
|
Portland Angels batting - Pitching for Calgary Flames : RHP Jason Cekic
|
|
Batting: RHB Jose Garduno
|
0-0: Foul Ball, location: 2F 0-1: Ball 1-1: Foul Ball, location: 2F 1-2: Strikes out swinging
|
|
Batting: RHB Steve Neely
|
0-0: Foul Ball, location: 2F 0-1: Fly out, F9 (Flyball, 9D, EV 96.2 MPH)
|
|
Batting: RHB Scott Webb
|
0-0: Ball 1-0: SINGLE (Flyball, 78S, EV 101.2 MPH)
|
|
Batting: LHB Pavla Markianov
|
0-0: Ball 1-0: Swinging Strike 1-1: Ball 2-1: Swinging Strike 2-2: Ball 3-2: Foul Ball, location: 5F, Error on foul ball, E5 3-2: Ground out 6-3 (Groundball, 6M, EV 96.2 MPH)
|
| Bottom of the 6th over - 0 runs, 1 hit, 1 error, 1 left on base; Calgary 4 - Portland 0 |
| TOP OF THE 7TH |
|
Calgary Flames batting - Pitching for Portland Angels : RHP Hector Agudelo
|
|
Batting: RHB Chad Stady
|
0-0: Called Strike 0-1: Swinging Strike 0-2: Foul Ball, location: 2F 0-2: SINGLE (Groundball, 6MD, EV 101.2 MPH)
|
|
Pitching: RHP Myeong-wan Kym
|
|
|
Batting: RHB Tyler Johnson
|
0-0: Called Strike 0-1: Ball 1-1: Ball 2-1: Ball 3-1: Base on Balls Chad Stady to second
|
|
Batting: RHB Pablo Henriquez
|
0-0: Called Strike 0-1: Fielders Choice at 2nd, 3-6 (Groundball, 34, EV 106.9 MPH) Chad Stady to third
|
|
Batting: LHB Garrett Dodge
|
0-0: Called Strike 0-1: Foul Ball, location: 2F 0-2: Strikes out looking
|
|
Batting: RHB Andre Thompson
|
0-0: Called Strike 0-1: Ball 1-1: Ball 2-1: Foul Ball, location: 2F 2-2: Ball 3-2: Base on Balls Pablo Henriquez to second
|
|
Batting: RHB Peter Frankel
|
0-0: Ball 1-0: Called Strike 1-1: Ball 2-1: Foul Ball, location: 2F 2-2: Strikes out swinging
|
| Top of the 7th over - 0 runs, 1 hit, 0 errors, 3 left on base; Calgary 4 - Portland 0 |
| BOTTOM OF THE 7TH |
|
Portland Angels batting - Pitching for Calgary Flames : RHP Jason Cekic
|
|
Batting: RHB Alex Rosaly
|
0-0: Swinging Strike 0-1: Ball 1-1: Ball 2-1: Swinging Strike 2-2: Strikes out swinging
|
|
Batting: RHB Jesse Sargent
|
0-0: Called Strike 0-1: Foul Ball, location: 2F 0-2: Ball 1-2: Ball 2-2: DOUBLE (Line Drive, 9LS, EV 106.9 MPH)
|
|
Batting: LHB Doug Nebel
|
0-0: Ball 1-0: Foul Ball, location: 2F 1-1: Foul Ball, location: 2F 1-2: Ground out 3-1 (Groundball, 34S, EV 75.6 MPH) Jesse Sargent to third
|
|
Batting: LHB Kevin Feldman
|
0-0: Called Strike 0-1: DOUBLE (Line Drive, 78XD, EV 112.5 MPH) Jesse Sargent scores
|
|
Batting: LHB John Harvey
|
0-0: Ball 1-0: Foul Ball, location: 2F 1-1: Ball 2-1: Foul Ball, location: 2F 2-2: Ball 3-2: Base on Balls
|
|
Pinch Hitting: SHB Cesar Carrasquillo
|
0-0: Foul Ball, location: 2F 0-1: Ball 1-1: Swinging Strike Balk! Kevin Feldman to third John Harvey to second 1-2: Foul Ball, location: 2F 1-2: Ball 2-2: Ball 3-2: Base on Balls
|
|
Pitching: RHP Dennis Seebacher
|
|
|
Pinch Hitting: RHB Shawn Jansen
|
0-0: Ball 1-0: Called Strike 1-1: Ball 2-1: Ball 3-1: Fly out, F9 (Flyball, 89S, EV 85.6 MPH)
|
| Bottom of the 7th over - 1 run, 2 hits, 0 errors, 3 left on base; Calgary 4 - Portland 1 |
| TOP OF THE 8TH |
|
Calgary Flames batting - Pitching for Portland Angels : RHP Myeong-wan Kym
|
|
Now at 1B: Cesar Carrasquillo
|
|
|
Now at 2B: Alex Rosaly
|
|
|
Now in CF: Dan Contreras
|
|
|
Batting: LHB Gary Corrales
|
0-0: Swinging Strike 0-1: Foul Ball, location: 2F 0-2: Ball 1-2: Ball 2-2: Strikes out swinging
|
|
Batting: LHB Ben Landry
|
0-0: DOUBLE (Line Drive, 78XD, EV 95.0 MPH)
|
|
Batting: RHB Norinaga Yamakawakamatsu
|
0-0: Intentional Walk
|
|
Batting: RHB Chad Stady
|
0-0: Fly out, F8 (Flyball, 8LM, EV 87.5 MPH)
|
|
Batting: RHB Tyler Johnson
|
0-0: Ball 1-0: Called Strike 1-1: Swinging Strike 1-2: Ground out 4-3 (Groundball, 4, EV 106.2 MPH)
|
| Top of the 8th over - 0 runs, 1 hit, 0 errors, 2 left on base; Calgary 4 - Portland 1 |
| BOTTOM OF THE 8TH |
|
Portland Angels batting - Pitching for Calgary Flames : RHP Dennis Seebacher
|
|
Batting: RHB Scott Webb
|
0-0: Foul Ball, location: 2F 0-1: Foul Ball, location: 2F 0-2: Ball 1-2: Foul Ball, location: 2F 1-2: Fly out, F8 (Flyball, 8RM, EV 88.8 MPH)
|
|
Batting: LHB Pavla Markianov
|
0-0: Called Strike 0-1: Ball 1-1: Foul Ball, location: 2F 1-2: Foul Ball, location: 2F 1-2: Ball 2-2: Ball 3-2: Ground out 6-3 (Groundball, 6, EV 93.8 MPH)
|
|
Now at SS: Ahmed Elezi
|
|
|
Batting: RHB Alex Rosaly
|
0-0: Foul Ball, location: 2F 0-1: Ball 1-1: Swinging Strike 1-2: Ball 2-2: Strikes out swinging
|
| Bottom of the 8th over - 0 runs, 0 hits, 0 errors, 0 left on base; Calgary 4 - Portland 1 |
| TOP OF THE 9TH |
|
Calgary Flames batting - Pitching for Portland Angels : RHP Myeong-wan Kym
|
|
Batting: RHB Pablo Henriquez
|
0-0: Fly out, F8 (Line Drive, 78M, EV 98.8 MPH)
|
|
Pinch Hitting: RHB Alejandro Patron
|
0-0: Foul Ball, location: 2F 0-1: Swinging Strike 0-2: Ground out 5-3 (Groundball, 56S, EV 67.5 MPH)
|
|
Batting: RHB Andre Thompson
|
0-0: Called Strike 0-1: Ball 1-1: Ball 2-1: Ball 3-1: Swinging Strike 3-2: Strikes out swinging
|
| Top of the 9th over - 0 runs, 0 hits, 0 errors, 0 left on base; Calgary 4 - Portland 1 |
| BOTTOM OF THE 9TH |
|
Portland Angels batting - Pitching for Calgary Flames : RHP Dennis Seebacher
|
|
Pitching: RHP Chad Kraemer
|
|
|
Now in RF: Antonio Martinez
|
|
|
Batting: RHB Jesse Sargent
|
0-0: Called Strike 0-1: Called Strike 0-2: Ball 1-2: Foul Ball, location: 2F 1-2: Ball 2-2: Ball 3-2: Base on Balls
|
|
Batting: LHB Doug Nebel
|
0-0: Ball 1-0: Ball 2-0: Swinging Strike 2-1: SINGLE (Groundball, 34D, EV 96.2 MPH) Jesse Sargent to second
|
|
Batting: LHB Kevin Feldman
|
0-0: Ball 1-0: Foul Ball, location: 2F 1-1: Called Strike 1-2: Ball 2-2: Fly out, F5 (Popup, 5SF, EV 68.1 MPH)
|
|
Pinch Hitting: RHB Mario Martinez
|
0-0: Ball 1-0: Ball 2-0: Ball 3-0: Base on Balls Jesse Sargent to third Doug Nebel to second
|
|
Batting: SHB Cesar Carrasquillo
|
0-0: Swinging Strike 0-1: Ball 1-1: Swinging Strike 1-2: Strikes out swinging
|
|
Pinch Hitting: LHB Jon Rahn
|
0-0: Called Strike 0-1: Foul Ball, location: 2F 0-2: Ball 1-2: Strikes out swinging
|
| Bottom of the 9th over - 0 runs, 1 hit, 0 errors, 3 left on base; Calgary 4 - Portland 1 |
|